3AA
BATTLE GROUND AEROS @ OTTAWA NATIONALS
05/31/2024
 
TOP OF THE 1ST
Battle Ground Aeros batting - Pitching for Ottawa Nationals : RHP António Fabián
Pitching: RHP António Fabián
Batting: RHB Enrico Betancourt 0-0: Called Strike
0-1: Swinging Strike
0-2: Ball
1-2: Foul Ball, location: 2F
1-2: Ball
2-2: Foul Ball, location: 2F
2-2: Foul Ball, location: 2F
2-2: Strikes out looking
Batting: SHB Arnold Bunch 0-0: Called Strike
0-1: Swinging Strike
0-2: Ball
1-2: Ball
2-2: Ball
3-2: Base on Balls
Batting: RHB Broderick Terry 0-0: Called Strike
0-1: Swinging Strike
0-2: Foul Ball, location: 2F
0-2: Ball
1-2: Foul Ball, location: 2F
1-2: Strikes out looking
Batting: RHB Jeffrey Jones 0-0: Ground out U3 (Groundball, 3S)
Top of the 1st over - 0 run(s), 0 hit(s), 0 error(s), 1 left on base; Battle Ground 0 - Ottawa 0
BOTTOM OF THE 1ST
Ottawa Nationals batting - Pitching for Battle Ground Aeros : RHP Gonzalo Granados
Pitching: RHP Gonzalo Granados
Batting: RHB Howard Fewell 0-0: Ball
1-0: Ball
2-0: Ball
3-0: Base on Balls
Batting: RHB Anthony Trujillo 0-0: Swinging Strike
0-1: Called Strike
0-2: Ball
1-2: Foul Ball, location: 2F
1-2: Fly out, F8 (Flyball, 8LM)
Batting: RHB Jesús Soto 0-0: Ball
1-0: Fly out, F7 (Flyball, 7M)
Batting: RHB EP Weston 0-0: Ball
1-0: Called Strike
1-1: Ball
2-1: Called Strike
Howard Fewell steals 2nd base
2-2: Foul Ball, location: 2F
2-2: Ground out 5-3 (Groundball, 56)
Bottom of the 1st over - 0 run(s), 0 hit(s), 0 error(s), 1 left on base; Battle Ground 0 - Ottawa 0
TOP OF THE 2ND
Battle Ground Aeros batting - Pitching for Ottawa Nationals : RHP António Fabián
Batting: RHB Juan Camacho 0-0: Ball
1-0: Called Strike
1-1: Hit by Pitch
Batting: RHB Carlos Soto 0-0: Ball
1-0: Ball
2-0: Called Strike
2-1: Ball
3-1: Fly out, F6 (Popup, 6)
Batting: RHB Roy McFerran 0-0: Called Strike
0-1: Ball
1-1: Swinging Strike
1-2: Strikes out swinging
Batting: RHB Bennett Whitaker 0-0: Swinging Strike
0-1: Called Strike
Juan Camacho steals 2nd base
0-2: Ball
1-2: Ball
2-2: Strikes out swinging
Top of the 2nd over - 0 run(s), 0 hit(s), 0 error(s), 1 left on base; Battle Ground 0 - Ottawa 0
BOTTOM OF THE 2ND
Ottawa Nationals batting - Pitching for Battle Ground Aeros : RHP Gonzalo Granados
Batting: RHB Dan Holliday 0-0: Ball
1-0: Ground out 4-3 (Groundball, 4)
Batting: RHB Barry Welch 0-0: Fly out, F9 (Flyball, 9LS)
Batting: RHB Paddy Hodnett 0-0: Ball
1-0: Ground out 6-3 (Groundball, 6)
Bottom of the 2nd over - 0 run(s), 0 hit(s), 0 error(s), 0 left on base; Battle Ground 0 - Ottawa 0
TOP OF THE 3RD
Battle Ground Aeros batting - Pitching for Ottawa Nationals : RHP António Fabián
Batting: LHB Dave Smerdon 0-0: Fly out, F6 (Popup, 6D)
Batting: RHB Enrico Betancourt 0-0: Ball
1-0: Ball
2-0: Foul Ball, location: 2F
2-1: Reached on error, E4 (Groundball, 4)
Batting: SHB Arnold Bunch 0-0: Ball
1-0: Fly out, F6 (Popup, 6D)
Batting: RHB Broderick Terry 0-0: Swinging Strike
0-1: Called Strike
0-2: Ball
1-2: Ball
2-2: Strikes out swinging
Top of the 3rd over - 0 run(s), 0 hit(s), 1 error(s), 1 left on base; Battle Ground 0 - Ottawa 0
BOTTOM OF THE 3RD
Ottawa Nationals batting - Pitching for Battle Ground Aeros : RHP Gonzalo Granados
Batting: RHB Henry Mann 0-0: Fly out, F7 (Flyball, 78M)
Batting: RHB Felipe Gonzáles 0-0: Called Strike
0-1: Ball
1-1: Ground out 4-3 (Groundball, 4M)
Batting: RHB Howard Fewell 0-0: Ball
1-0: Ball
2-0: Ball
3-0: Base on Balls
Batting: RHB Anthony Trujillo 0-0: Called Strike
0-1: Called Strike
0-2: Ball
1-2: Strikes out looking
Bottom of the 3rd over - 0 run(s), 0 hit(s), 0 error(s), 1 left on base; Battle Ground 0 - Ottawa 0
TOP OF THE 4TH
Battle Ground Aeros batting - Pitching for Ottawa Nationals : RHP António Fabián
Batting: RHB Jeffrey Jones 0-0: Ball
1-0: Called Strike
1-1: Called Strike
1-2: Ball
2-2: Foul Ball, location: 2F
2-2: Strikes out looking
Batting: RHB Juan Camacho 0-0: Called Strike
0-1: Ball
1-1: Called Strike
1-2: Foul Ball, location: 2F
1-2: Ball
2-2: Ball
3-2: Strikes out swinging
Batting: RHB Carlos Soto 0-0: Reached on error, E3 (Groundball, 34)
Batting: RHB Roy McFerran 0-0: Ball
1-0: Ball
2-0: Swinging Strike
2-1: Ball
3-1: Ground out 6-3 (Groundball, 6)
Top of the 4th over - 0 run(s), 0 hit(s), 1 error(s), 1 left on base; Battle Ground 0 - Ottawa 0
BOTTOM OF THE 4TH
Ottawa Nationals batting - Pitching for Battle Ground Aeros : RHP Gonzalo Granados
Batting: RHB Jesús Soto 0-0: Called Strike
0-1: Ball
1-1: Ball
2-1: Ground out 4-3 (Groundball, 34)
Batting: RHB EP Weston 0-0: Ball
1-0: Swinging Strike
1-1: Ball
2-1: Swinging Strike
2-2: Foul Ball, location: 2F
2-2: Ball
3-2: Base on Balls
Batting: RHB Dan Holliday 0-0: Ball
1-0: Called Strike
1-1: Ball
2-1: Ball
3-1: Base on Balls
EP Weston to second
Batting: RHB Barry Welch 0-0: Called Strike
0-1: Ball
1-1: Called Strike
1-2: Grounds into double play, 6-4-3 (Groundball, 6)
Bottom of the 4th over - 0 run(s), 0 hit(s), 0 error(s), 1 left on base; Battle Ground 0 - Ottawa 0
TOP OF THE 5TH
Battle Ground Aeros batting - Pitching for Ottawa Nationals : RHP António Fabián
Batting: RHB Bennett Whitaker 0-0: Ball
1-0: Fly out, F7 (Flyball, 78M)
Batting: LHB Dave Smerdon 0-0: Fly out, F7 (Flyball, 78M)
Batting: RHB Enrico Betancourt 0-0: Ball
1-0: Swinging Strike
1-1: Ball
2-1: Foul Ball, location: 2F
2-2: Strikes out looking
Top of the 5th over - 0 run(s), 0 hit(s), 0 error(s), 0 left on base; Battle Ground 0 - Ottawa 0
BOTTOM OF THE 5TH
Ottawa Nationals batting - Pitching for Battle Ground Aeros : RHP Gonzalo Granados
Batting: RHB Paddy Hodnett 0-0: Called Strike
0-1: Ball
1-1: Ball
2-1: Called Strike
2-2: Ball
3-2: Base on Balls
Batting: RHB Henry Mann 0-0: Ball
1-0: Ball
2-0: Ball
3-0: Called Strike
3-1: Base on Balls
Paddy Hodnett to second
Batting: RHB Felipe Gonzáles 0-0: Ball
1-0: Sac Bunt - play at first, batter OUT! 1-4
Paddy Hodnett to third
Henry Mann to second
Batting: RHB Howard Fewell 0-0: Called Strike
0-1: Fly out, F4 (Popup, 34)
Batting: RHB Anthony Trujillo 0-0: Fly out, F7 (Flyball, 8LM)
Bottom of the 5th over - 0 run(s), 0 hit(s), 0 error(s), 2 left on base; Battle Ground 0 - Ottawa 0
TOP OF THE 6TH
Battle Ground Aeros batting - Pitching for Ottawa Nationals : RHP António Fabián
Batting: SHB Arnold Bunch 0-0: Called Strike
0-1: Ball
1-1: Foul Ball, location: 2F
1-2: Foul Ball, location: 2F
1-2: Fly out, F2 (Popup, 2RF)
Batting: RHB Broderick Terry 0-0: Foul Ball, location: 2F
0-1: Foul Ball, location: 2F
0-2: Foul Ball, location: 2F
0-2: Strikes out looking
Batting: RHB Jeffrey Jones 0-0: Ground out 5-3 (Groundball, 56S)
Top of the 6th over - 0 run(s), 0 hit(s), 0 error(s), 0 left on base; Battle Ground 0 - Ottawa 0
BOTTOM OF THE 6TH
Ottawa Nationals batting - Pitching for Battle Ground Aeros : RHP Gonzalo Granados
Batting: RHB Jesús Soto 0-0: Ball
1-0: Called Strike
1-1: Fly out, F9 (Flyball, 9LM)
Batting: RHB EP Weston 0-0: Called Strike
0-1: Fly out, F9 (Flyball, 9LM)
Batting: RHB Dan Holliday 0-0: Called Strike
0-1: Swinging Strike
0-2: Foul Ball, location: 2F
0-2: Ground out 4-3 (Groundball, 4)
Bottom of the 6th over - 0 run(s), 0 hit(s), 0 error(s), 0 left on base; Battle Ground 0 - Ottawa 0
TOP OF THE 7TH
Battle Ground Aeros batting - Pitching for Ottawa Nationals : RHP António Fabián
Pinch Hitting: SHB Juan Torres 0-0: Swinging Strike
0-1: Ball
1-1: Foul Ball, location: 2F
1-2: Fly out, F5 (Popup, 6)
Pinch Hitting: RHB Carlos Ávila 0-0: Swinging Strike
0-1: Ball
1-1: Called Strike
1-2: Strikes out swinging
Pinch Hitting: RHB Pedro Clemente 0-0: Called Strike
0-1: Foul Ball, location: 2F
0-2: Foul Ball, location: 2F
0-2: Ball
1-2: Strikes out swinging
Top of the 7th over - 0 run(s), 0 hit(s), 0 error(s), 0 left on base; Battle Ground 0 - Ottawa 0
BOTTOM OF THE 7TH
Ottawa Nationals batting - Pitching for Battle Ground Aeros : RHP Gonzalo Granados
Now at 1B: Pedro Clemente
Now at 3B: Carlos Ávila
Now in LF: Ray Flynn
Batting: RHB Barry Welch 0-0: Foul Ball, location: 2F
0-1: Ball
1-1: Ground out 5-3 (Groundball, 5)
Batting: RHB Paddy Hodnett 0-0: Ground out 3-1 (Groundball, 34)
Batting: RHB Henry Mann 0-0: Ball
1-0: Called Strike
1-1: Ball
2-1: Ball
3-1: Fly out, F8 (Flyball, 8RM)
Bottom of the 7th over - 0 run(s), 0 hit(s), 0 error(s), 0 left on base; Battle Ground 0 - Ottawa 0
TOP OF THE 8TH
Battle Ground Aeros batting - Pitching for Ottawa Nationals : RHP António Fabián
Pinch Hitting: RHB Miguel Angel González 0-0: Ball
1-0: Swinging Strike
1-1: Ball
2-1: Ball
3-1: Swinging Strike
3-2: Strikes out swinging
Batting: LHB Dave Smerdon 0-0: Ball
1-0: Swinging Strike
1-1: Fly out, F7 (Flyball, 7M)
Pinch Hitting: RHB Juan Sandoval 0-0: Called Strike
0-1: Swinging Strike
0-2: Strikes out looking
Top of the 8th over - 0 run(s), 0 hit(s), 0 error(s), 0 left on base; Battle Ground 0 - Ottawa 0
BOTTOM OF THE 8TH
Ottawa Nationals batting - Pitching for Battle Ground Aeros : RHP Gonzalo Granados
Now at SS: Miguel Angel González
Now in LF: Juan Sandoval
Batting: RHB Felipe Gonzáles 0-0: Ball
1-0: Ball
2-0: Called Strike
2-1: Swinging Strike
2-2: Foul Ball, location: 2F
2-2: Fly out, F9 (Flyball, 89M)
Pinch Hitting: RHB Jim Unknown 0-0: Foul Ball, location: 2F
0-1: Ball
1-1: SINGLE (Line Drive, 34)
Pitching: LHP Josh Gilbert
Batting: RHB Anthony Trujillo 0-0: Bunted foul
0-1: Ball
1-1: Bunted foul
1-2: Ball
2-2: Ball
3-2: Base on Balls
Jim Unknown to second
Batting: RHB Jesús Soto 0-0: Ball
1-0: Foul Ball, location: 2F
1-1: Ball
2-1: Ball
3-1: Called Strike
3-2: Foul Ball, location: 2F
3-2: Base on Balls
Jim Unknown to third
Anthony Trujillo to second
Batting: RHB EP Weston 0-0: Called Strike
0-1: Called Strike
0-2: Foul Ball, location: 2F
0-2: Ball
1-2: Foul Ball, location: 2F
1-2: Foul Ball, location: 2F
1-2: Foul Ball, location: 2F
1-2: Foul Ball, location: 2F
1-2: Ball
2-2: Foul Ball, location: 2F
2-2: Grounds into double play, 6-4-3 (Groundball, 6)
Bottom of the 8th over - 0 run(s), 1 hit(s), 0 error(s), 2 left on base; Battle Ground 0 - Ottawa 0
TOP OF THE 9TH
Battle Ground Aeros batting - Pitching for Ottawa Nationals : RHP António Fabián
Now in LF: Dan Curtis
Pinch Hitting: RHB Leroy Rijerkerk 0-0: Ball
1-0: Ball
2-0: Foul Ball, location: 2F
2-1: Called Strike
2-2: Ball
3-2: Strikes out looking
Batting: RHB Broderick Terry 0-0: Ball
1-0: SINGLE (Groundball, 56D)
Pitching: RHP Jesús Prieto
Pinch Hitting: LHB Ignacio Martínez 0-0: SINGLE (Line Drive, 6MD)
Broderick Terry to second
Batting: RHB Ray Flynn 0-0: Foul Ball, location: 2F
0-1: Called Strike
0-2: Strikes out looking
Batting: RHB Carlos Ávila 0-0: Foul Ball, location: 2F
0-1: Ground out 5-3 (Groundball, 5L)
Top of the 9th over - 0 run(s), 2 hit(s), 0 error(s), 2 left on base; Battle Ground 0 - Ottawa 0
BOTTOM OF THE 9TH
Ottawa Nationals batting - Pitching for Battle Ground Aeros : LHP Josh Gilbert
Now at 2B: Jack Willis
Now in LF: Leroy Rijerkerk
Batting: RHB Dan Holliday 0-0: Ball
1-0: Called Strike
1-1: Swinging Strike
1-2: Strikes out swinging
Batting: RHB Barry Welch 0-0: Called Strike
0-1: Foul Ball, location: 2F
0-2: Strikes out swinging
Batting: RHB Paddy Hodnett 0-0: Called Strike
0-1: SINGLE (Groundball, 34D)
Pinch Hitting: RHB Patrick Samuels 0-0: Foul Ball, location: 2F
0-1: Fly out, F6 (Popup, 56)
Bottom of the 9th over - 0 run(s), 1 hit(s), 0 error(s), 1 left on base; Battle Ground 0 - Ottawa 0
TOP OF THE 10TH
Battle Ground Aeros batting - Pitching for Ottawa Nationals : RHP Jesús Prieto
Now in RF: Marvin Collier
Batting: RHB Pedro Clemente 0-0: Called Strike
0-1: Ball
1-1: Ball
2-1: Ball
3-1: Fly out, F5 (Line Drive, 5S)
Batting: RHB Miguel Angel González 0-0: Foul Ball, location: 2F
0-1: Ball
1-1: Ground out 5-3 (Groundball, 5)
Batting: LHB Dave Smerdon 0-0: Ball
1-0: Ball
2-0: Ball
3-0: Base on Balls
Batting: RHB Juan Sandoval 0-0: Reached on error, E6 (Groundball, 6M)
Dave Smerdon to second
Batting: RHB Leroy Rijerkerk 0-0: Foul Ball, location: 2F
0-1: Called Strike
0-2: Foul Ball, location: 2F
0-2: Foul Ball, location: 2F
0-2: Ball
1-2: Fly out, F9 (Flyball, 89M)
Top of the 10th over - 0 run(s), 0 hit(s), 1 error(s), 2 left on base; Battle Ground 0 - Ottawa 0
BOTTOM OF THE 10TH
Ottawa Nationals batting - Pitching for Battle Ground Aeros : LHP Josh Gilbert
Batting: RHB Felipe Gonzáles 0-0: Ball
1-0: Reached on error, E5 (Groundball, 56)
Batting: RHB Dan Curtis 0-0: Ball
1-0: Bunted foul
1-1: Bunted foul
1-2: Strikes out swinging
Felipe Gonzáles is caught stealing 2nd base
Batter strikes out.
Batting: RHB Anthony Trujillo 0-0: SINGLE (Line Drive, 34)
Batting: RHB Jesús Soto 0-0: Ball
1-0: Called Strike
1-1: Ball
2-1: Ball
3-1: Called Strike
3-2: SINGLE (Line Drive, 8RS)
Anthony Trujillo to second
Anthony Trujillo to third
Batting: RHB EP Weston 0-0: Ball
Passed Ball!
Anthony Trujillo scores
This league is powered by Out of the Park Baseball, the baseball management simulation game for PC, Mac and Linux
Monday, October 3rd, 2016 - OOTP Baseball 16.9 Build 39